 Dungeon Crawl Stone Soup version 0.30-a0-1160-g6e42c06551 (webtiles) character file.

Game seed: 3505723879436088002

144 qeuew the Sneak (level 5, -1/24 HPs)
             Began as a Spriggan Enchanter on Apr 26, 2023.
             Slain by a hound (5 damage)
             ... on level 3 of the Dungeon.
             The game lasted 00:04:21 (2585 turns).

qeuew the Sneak (Spriggan Enchanter)                Turns: 2585, Time: 00:04:22

Health: -1/24      AC:  2    Str:  4    XL:     5   Next: 5%
Magic:  0/11       EV: 19    Int: 16    God:
Gold:   73         SH:  0    Dex: 24    Spells: 5/10 levels left

rFire   . . .        a - +1 dagger
rCold   . . .        (no shield)
rNeg    . . .        b - +0 robe
rPois   +            (helmet restricted)
rElec   .            (no cloak)
rCorr   .            (gloves unavailable)
SInv    +            (boots unavailable)
Will    .....        (no amulet)
Stlth   ++++         j - ring of poison resistance
HPRegen 0.24/turn    e - +6 ring of dexterity
MPRegen 0.12/turn

%: no passive effects
@: mighty, invisible, very quick
A: very small, no large weapons, unfitting armour, see invisible, speed 3
a: no special abilities


You were on level 3 of the Dungeon.
You visited 1 branch of the dungeon, and saw 4 of its levels.

You collected 139 gold pieces.
You spent 66 gold pieces at shops.

Inventory:

Hand Weapons
 a - a +1 dagger (weapon)
Armour
 b - a +0 robe (worn)
Jewellery
 e - a +6 ring of dexterity (right hand)
 j - a ring of poison resistance (left hand)
Scrolls
 g - 3 scrolls of fear
 i - 2 scrolls of fog
Potions
 d - a potion of flight
 h - 2 potions of cancellation


   Skills:
 + Level 2.2 Short Blades
 + Level 3.5 Dodging
 * Level 6.2 Stealth
 + Level 3.3 Spellcasting
 * Level 4.7 Hexes


You had 5 spell levels left.
You knew the following spells:

 Your Spells              Type           Power      Damage    Failure   Level
a - Ensorcelled Hibernat  Hex/Ice        20%        N/A       11%         2
b - Tukima's Dance        Hex            17%        N/A       8%          3

Your spell library contained the following spells:

 Spells                   Type           Power      Damage    Failure   Level
 Confusing Touch          Hex            17%        N/A       8%          3
 Dazzling Flash           Conj/Hex       20%        N/A       21%         3
 Portal Projectile        Hex/Tloc       20%        N/A       21%         3
 Call Canine Familiar     Summ           2%         N/A       47%         3
 Leda's Liquefaction      Hex/Erth       5%         N/A       56%         4


Dungeon Overview and Level Annotations

Branches:
Dungeon (4/15)
 Temple: D:4-7

Altars:
Cheibriados
Xom

Shops:
D:2 ?


Innate Abilities, Weirdness & Mutations

You are very small and have problems with some larger weapons.
You are too small for most types of armour.
You have supernaturally acute eyesight. (SInv)
You cover ground extremely quickly. (Speed+++)


Message History

Unknown command.
Aiming: Ensorcelled Hibernation (safe; 11% risk of failure)
Press: ? - help, Q - select action Shift-Dir - straight line, f - orc
Aim: an orc, wielding a +0 trident (chance to affect: 62%)
The orc resists with significant effort.
The hound closely misses you. The orc misses you.
The hobgoblin closely misses you. The orc completely misses you.
The hound closely misses you.
Aiming: Ensorcelled Hibernation (safe; 11% risk of failure)
Press: ? - help, Q - select action Shift-Dir - straight line, f/p - orc
Aim: an orc, wielding a +0 trident (chance to affect: 62%)
The orc looks drowsy...
The hound bites you but does no damage. The orc completely misses you.
The hobgoblin completely misses you.
The helpless orc fails to defend itself.
You spit the orc like a pig!!!
You kill the orc!
The hound bites you. The orc barely misses you. The hobgoblin hits you.
The hound closely misses you.
Aiming: Ensorcelled Hibernation (safe; 11% risk of failure)
Press: ? - help, Q - select action Shift-Dir - straight line, f - hound
Aim: a hound (chance to affect: 52%)
The hound resists with significant effort.
The hound misses you. The orc closely misses you.
The hobgoblin closely misses you.
You fade into invisibility!
The hound bites you. The orc closely misses you. The hobgoblin hits you.
The hound completely misses you.
You hit the orc.
The orc is heavily wounded.
The hound bites you. The hobgoblin closely misses you.
You catch the helpless hobgoblin completely off-guard!
You impale the hobgoblin!!
You kill the hobgoblin!
The hound bites you.
* * * LOW HITPOINT WARNING * * *
You feel very mighty all of a sudden. The hound barely misses you.
The hound closely misses you.
You miss the hound. The hound bites you.
You die...

##.......)......#.#####.###
#.......#.......#.......#
##.....##.......#######.#
##.............# #.#
#..#.##.......### #.#
#..#.##.#######.## #.#
#.......######o..####.#
##.#.#......<......<..# ##
#.#.....)@h.#...###### #.
######...#..####.##.##########.
#.......###...##.##.##.....>.#.
#.####...#..........##.##......
###.####.#....####..####.##[##.#.
......##.#..........# #.##>.....
###.#.##.####.##.##.# #.##.##.#.
#.#.##.# #.......# #.##.##.#.
#...)..# ###...### #.........


You could see a hound and an orc (wandering, unable to see you).

Vanquished Creatures
  An iguana (D:2)
  An orc wizard (D:3)
  3 adders
  3 worms
  2 dart slugs (D:2)
  6 orcs
  2 ball pythons (D:1)
  4 endoplasms
  4 goblins
  6 hobgoblins
  8 kobolds
  4 bats
  A frilled lizard (D:3)
  4 rats
49 creatures vanquished.

Notes
Turn   | Place    | Note
-------+----------+-------------------------------------------
     0 | D:1      | qeuew the Spriggan Enchanter began the quest for the Orb.
     0 | D:1      | Reached XP level 1. HP: 9/9 MP: 5/5
     3 | D:1      | Noticed an electric eel
     4 | D:1      | Noticed an electric eel
   149 | D:1      | Found a faded altar of an unknown god.
   440 | D:1      | Reached XP level 2. HP: 13/13 MP: 6/6
   443 | D:1      | Learned a level 2 spell: Ensorcelled Hibernation
   969 | D:2      | Reached skill level 5 in Stealth
  1075 | D:2      | Reached XP level 3. HP: 14/16 MP: 8/8
  1315 | D:2      | Found Zolilah's Magic Scroll Boutique.
  1336 | D:2      | Bought 3 scrolls of identify for 66 gold pieces
  1457 | D:2      | Reached XP level 4. HP: 21/21 MP: 9/9
  1659 | D:2      | Learned a level 3 spell: Tukima's Dance
  1854 | D:3      | Reached skill level 6 in Stealth
  1944 | D:3      | Found a snail-covered altar of Cheibriados.
  2340 | D:3      | Found a shimmering altar of Xom.
  2506 | D:3      | Reached XP level 5. HP: 24/24 MP: 11/11
  2585 | D:3      | Slain by a hound

Illustrated notes

Levels and vault maps discovered:
D:1:      arrival_aquarium_b, layout_basic, serial_rivers,
          chequers_serial_rivers_large_b, chequers_serial_rivers_marsh,
          chequers_serial_rivers_micro_e, chequers_serial_rivers_small_b,
          chequers_serial_rivers_micro_b, chequers_serial_rivers_marsh,
          chequers_ecumenical_altar_simple
D:2:      layout_basic, serial_shops, shop
D:3:      layout_loops_cross, mainiacjoe_overflow_chevrons,
          mainiacjoe_overflow_boulevard
D:4:      layout_basic, cheibrodos_ashenzari_chains, ebering_ghost_rock_garden,
          hangedman_decor_push, minmay_distorted

Skill      XL: |  1  2  3  4 |
---------------+-------------+-----
Stealth        | 5 6 |  6.2
Dodging        | 3 |  3.5
Hexes          | 4 |  4.7
Spellcasting   | 3 |  3.3
Short Blades   | 2 |  2.2

Action                     |  1- 3 |  4- 6 || total
---------------------------+-------+-------++-------
  Melee: Dagger            |    77 |    51 ||   128
         Punch             |     3 |       ||     3
   Cast: Ensorcelled Hiber |     7 |    17 ||    24
    Use: Scroll            |     2 |     5 ||     7
         Potion            |       |     3 ||     3
   Stab: Sleeping          |    17 |    12 ||    29
         Invisible         |       |     3 ||     3
 Armour: Robe              |     2 |     4 ||     6
  Dodge: Dodged            |    37 |    62 ||    99

Table legend: (Time is in decaauts)
 A = Elapsed time spent in this place.
 B = Non-inter-level travel time spent in this place.
 C = Inter-level travel time spent in this place.
 D = Time resting spent in this place.
 E = Time spent auto-exploring this place.
 F = Levels seen in this place.
 G = Mean time per level.
                   A        B        C        D        E       F      G
               +--------+--------+--------+--------+--------+-----+--------+
         Total |   1824 |   1767 |     57 |      3 |   1447 |   4 |  456.0 |
       Dungeon |   1824 |   1767 |     57 |      3 |   1447 |   4 |  456.0 |
               +--------+--------+--------+--------+--------+-----+--------+

Top non-repeatable levels by time:
     D:1: 651 daAuts
     D:3: 634 daAuts
     D:2: 529 daAuts
     D:4: 9 daAuts
